 Dungeon Crawl Stone Soup version 0.27-a0-1548-gf8a67e7463 (webtiles) character file.

Game seed: 7050522715888090043

9 ezpacito the Skirmisher (level 2, 18/24 HPs)
             Began as a Demonspawn Berserker on July 14, 2021.
             Was a Follower of Trog.
             Quit the game on level 1 of the Dungeon.
             The game lasted 00:00:28 (428 turns).

ezpacito the Skirmisher (Demonspawn Berserker)       Turns: 428, Time: 00:00:29

Health: 18/24      AC:  2    Str: 17    XL:     2   Next: 6%
Magic:  2/2        EV: 12    Int:  8    God:    Trog [*.....]
Gold:   6          SH:  0    Dex: 12    Spells: 1/1 levels left

rFire    . . .     SeeInvis .   a - +0 hand axe
rCold    . . .     Faith    .   (no shield)
rNeg     . . .     Spirit   .   b - +0 animal skin
rPois    .         Reflect  .   (no helmet)
rElec    .         Harm     .   (no cloak)
rCorr    .         Rampage  .   (no gloves)
Will     .....                  (no boots)
Stlth    +.........             (no amulet)
HPRegen  0.08/turn              (no ring)
MPRegen  0.08/turn              (no ring)

@: no status effects
A: claws 1
a: Renounce Religion, Berserk


You were on level 1 of the Dungeon.
You worshipped Trog.
Trog was aware of your devotion.
You visited 1 branch of the dungeon, and saw 1 of its levels.

You collected 6 gold pieces.

Inventory:

Hand Weapons
 a - a +0 hand axe (weapon)
Missiles
 c - 57 stones (quivered)
Armour
 b - a +0 animal skin (worn)


   Skills:
 + Level 3.3 Fighting
 + Level 2.9 Axes
 + Level 1.8 Armour
 + Level 1.8 Dodging


You had one spell level left.
You didn't know any spells.
Your spell library was empty.

Dungeon Overview and Level Annotations

Branches:
Dungeon (1/15)

Altars:


Innate Abilities, Weirdness & Mutations

You have sharp fingernails.


Message History

A jackal comes into view.
The ball python misses you. The ball python barely misses you.
The jackal completely misses you. The bat barely misses you.
The ball python bites you. The ball python grabs you.
The ball python constricts you. The jackal misses you.
You escape the ball python's grasp.
The bat misses you.
A jackal comes into view.
The jackal misses you.
The jackal barks!
The bat hits you. The ball python bites you.
The ball python closely misses you. The jackal closely misses you.
You hit the jackal.
You kill the jackal!
Trog accepts your kill.
You slash the jackal!
You kill the jackal!
Trog accepts your kill.
You hit the jackal.
The jackal is almost dead.
The jackal misses you. The jackal closely misses you.
You hit the jackal but do no damage.
The jackal is severely wounded.
The jackal barely misses you.
You closely miss the jackal.
The jackal is severely wounded.
The jackal bites you.
The jackal bites you but does no damage.
You hit the jackal.
You kill the jackal!
Trog accepts your kill. The ball python closely misses you. x2
You have reached level 2!
Your demonic ancestry asserts itself...
Your fingernails lengthen.
You hit the ball python.
You kill the ball python!
Trog accepts your kill. The bat barely misses you. The bat closely misses you.
Are you sure you want to abandon this character and quit the game? (Confirm with "yes".)

#### #.. ##.####### .
#........#
....######........#
.......@b.........+
.....######........# ...
#........##.## #..
#............# #.######
#######.#.#... #. #.#....#
#.# # #.#
#.#....##########.# #.#
#.#...............#
###.#####.##...........####


You could see a bat.

Vanquished Creatures
  An endoplasm (D:1)
  A goblin (D:1)
  3 jackals (D:1)
  A ball python (D:1)
  2 kobolds (D:1)
8 creatures vanquished.

Notes
Turn   | Place    | Note
-------+----------+-------------------------------------------
     0 | D:1      | ezpacito the Demonspawn Berserker began the quest for the
                  | Orb.
     0 | D:1      | Reached XP level 1. HP: 18/18 MP: 1/1
   427 | D:1      | Gained mutation: You have sharp fingernails. [demonic
                  | ancestry]
   427 | D:1      | Reached XP level 2. HP: 18/24 MP: 2/2
   428 | D:1      | Quit the game

Illustrated notes

Levels and vault maps discovered:
D:1:      dpeg_arrival_oval, layout_basic

Action                   || total
-------------------------++-------
Melee: Hand axe          ||    22
Armor: Animal skin       ||     3
Dodge: Dodged            ||    27

Table legend: (Time is in decaauts)
 A = Elapsed time spent in this place.
 B = Non-inter-level travel time spent in this place.
 C = Inter-level travel time spent in this place.
 D = Time resting spent in this place.
 E = Time spent auto-exploring this place.
 F = Levels seen in this place.
 G = Mean time per level.
                   A        B        C        D        E       F      G
               +--------+--------+--------+--------+--------+-----+--------+
         Total |    431 |    431 |      0 |    248 |    121 |   1 |  431.0 |
       Dungeon |    431 |    431 |      0 |    248 |    121 |   1 |  431.0 |
               +--------+--------+--------+--------+--------+-----+--------+

Top non-repeatable levels by time:
     D:1: 431 daAuts
